 Dungeon Crawl Stone Soup version 0.21.1-1-g345015fe64 (webtiles) character file.

371723 Lentor the Shatterer (level 21, -15/220 HPs)
             Began as a Minotaur Berserker on June 25, 2018.
             Was a High Priest of Trog.
             Demolished by a deep troll (37 damage)
             ... summoned by the player character
             ... on level 2 of the Depths on June 28, 2018.
             The game lasted 02:38:22 (60612 turns).

Lentor the Shatterer (Minotaur Berserker)          Turns: 60612, Time: 02:38:23

Health: -15/220    AC: 25    Str: 25    XL:     21   Next: 71%
Magic:  20/20      EV: 24    Int:  4    God:    Trog [*****.]
Gold:   4263       SH:  0    Dex: 22    Spells: 20/20 levels left

rFire    + + +     SeeInvis .   R - +7 great mace "Firestarter" {inner flame, rF++}
rCold    + . .     Gourm    .   (shield currently unavailable)
rNeg     + . .     Faith    .   W - +8 ring mail "Ziemoe" {rF+ MR+ Dex+5 Stlth-}
rPois    +         Spirit   .   C - +2 hat
rElec    .         Reflect  .   g - scarf {cloud immunity}
rCorr    .         Harm     +   k - +2 pair of gloves
MR       +++++                  Z - +0 pair of boots
Stlth    ..........             H - amulet of the Salamander {Harm *Drain rN+}
HPRegen  1.46/turn              E - ring of poison resistance
MPRegen  0.17/turn              S - ring of protection from magic

@: regenerating
A: retaliatory headbutt, hooves 1, horns 2, cold resistance 1
}: 2/15 runes: decaying, gossamer
a: Berserk, Trog's Hand, Brothers in Arms, Burn Spellbooks, Renounce Religion


You were on level 2 of the Depths.
You worshipped Trog.
Trog was extremely pleased with you.
You were very hungry.

You visited 8 branches of the dungeon, and saw 38 of its levels.
You visited the Abyss 1 time.
You also visited: Ice Cave.

You collected 4425 gold pieces.
You spent 162 gold pieces at shops.

Inventory:

Hand Weapons
 R - the +7 great mace "Firestarter" (weapon) {inner flame, rF++}
   (You found it on level 1 of the Swamp)

   It has been specially enchanted to burn those struck by it, causing extra
   injury to most foes and up to half again as much damage against particularly
   susceptible opponents.
   It greatly protects you from fire.
 T - a +1 antimagic demon whip
Armour
 g - a scarf of cloud immunity (worn)
 k - a +2 pair of gloves (worn)
 C - a +2 hat (worn)
 W - the +8 ring mail "Ziemoe" (worn) {rF+ MR+ Dex+5 Stlth-}
   (You found it on level 3 of the Vaults)

   It affects your dexterity (+5).
   It protects you from fire.
   It affects your resistance to hostile enchantments.
   It makes you less stealthy.
 Z - a +0 pair of boots (worn)
Jewellery
 i - an uncursed ring of protection from cold
 q - an uncursed amulet of guardian spirit
 s - a +4 ring of evasion
 E - a ring of poison resistance (left hand)
 F - an uncursed ring of flight
 H - the amulet of the Salamander (around neck) {Harm *Drain rN+}
   (You took it off a merfolk impaler on level 13 of the Dungeon)

   [amulet of harm]

   It increases damage dealt and taken.
   It protects you from negative energy.
   It causes draining when unequipped.
 M - the ring "Uceoplef" {rC++ EV-2 Str+3}
   (You took it off a centaur on level 14 of the Dungeon)

   [ring of evasion]

   It affects your evasion (-2).
   It affects your strength (+3).
   It greatly protects you from cold.
 O - an uncursed ring of resist corrosion
 S - a ring of protection from magic (right hand)
Wands
 t - a wand of digging (22)
 u - a wand of random effects (24)
 y - a wand of acid (18)
 D - a wand of polymorph (29)
 G - a wand of enslavement (9)
 J - a wand of paralysis (39)
 U - a wand of iceblast (5)
Scrolls
 a - 10 scrolls of remove curse
 d - 3 scrolls of enchant weapon
 e - 4 scrolls of fog
 f - 18 scrolls of teleportation
 j - 6 scrolls of identify
 l - 4 scrolls of magic mapping
 m - 2 scrolls of fear
 o - 2 scrolls of blinking
 r - 9 scrolls of enchant armour
 K - 2 scrolls of silence
 Q - 2 scrolls of brand weapon
 Y - 2 scrolls of summoning {unknown}
Potions
 b - 2 potions of agility
 h - 22 potions of curing
 p - 2 potions of magic
 v - 6 potions of might
 w - 7 potions of haste
 x - 6 potions of lignification
 z - a potion of cancellation
 A - 6 potions of ambrosia
 B - 2 potions of resistance
 I - 6 potions of brilliance
 L - a potion of berserk rage
 P - 3 potions of flight
 V - 2 potions of heal wounds
 X - 2 potions of invisibility
Comestibles
 c - 51 rations
 n - 3 chunks of flesh


   Skills:
 + Level 25.6 Fighting
 + Level 25.6 Maces & Flails
 + Level 19.6 Armour
 + Level 14.1 Dodging


You had 20 spell levels left.
You didn't know any spells.

Dungeon Overview and Level Annotations

Branches:
Dungeon (15/15)            Temple (1/1) D:5            Lair (6/6) D:10
  Swamp (4/4) Lair:3       Spider (4/4) Lair:4        Slime (0/5) Lair:6
    Orc (2/2) D:9             Elf (0/3) Orc:2        Vaults (4/5) D:14
  Crypt (0/3) Vaults:3     Depths (2/5) D:15

Altars:
Ashenzari
Cheibriados
Dithmenos
Elyvilon
Fedhas
Gozag
Hepliaklqana
Kikubaaqudgha
Makhleb
Nemelex Xobeh
Okawaru
Qazlal
Ru
Sif Muna
Trog
Uskayaw
Vehumet
Wu Jian
Xom
Yredelemnul
Zin
The Shining One
Beogh
Jiyva

Shops:
Orc:2 =%*?   Depths:1 }=}   Depths:2 (

Portals:
Hell: Depths:1 Depths:2
Pandemonium: Depths:1 Depths:2

Annotations:
Lair:1 exclusion: 2 oklob plants
Lair:2 exclusion: oklob plant
Lair:4 exclusion: 3 oklob plants
Lair:5 exclusion: ice statue


Innate Abilities, Weirdness & Mutations

You reflexively headbutt those who attack you in melee.
You have a pair of horns on your head.
You have large cloven feet.
Your flesh is cold resistant. (rC+)


Message History

The fiery explosion engulfs the fire giant.
The fire giant resists.
The fire giant is lightly wounded.
The fiery explosion engulfs your deep troll.
Your deep troll is moderately wounded.
The fiery explosion engulfs the deep elf sorcerer.
The deep elf sorcerer is almost dead.
The deep troll is engulfed in blazing flames.
The fire giant is engulfed in blazing flames.
The wyvern changes into an acid dragon!
The fire giant is engulfed in blazing flames.
The fire giant is engulfed in blazing flames.
Things that are here:
a dire flail x2
Your deep troll goes berserk!
You are feeling very hungry.
The deep troll completely misses you. You furiously retaliate!
You headbutt the deep troll! The deep troll closely misses you. x2
The deep troll bites you!!
You die...

### #### #.. ...# ..
##.. .. .y. ###
######### ##..
#.).#...## #
##..§##%%.##)..## .##
#...§§§.C.T@.T..#Dy.#
.i#..e#########...#y..#
..#.. #..###..# ##
##..# ## #...# ## #..##
'# #...# ## ##..# ##
#..###..#


You could see a fire giant, 2 spark wasps, a deep troll (berserk) and a friendly
deep troll (berserk).

Vanquished Creatures
  2 caustic shrikes (Depths:2)
  Nikola (Depths:2)
  the Enchantress (Depths:2)
  Arachne (Spider:3)
  Jorgrun (Vaults:1)
  2 quicksilver dragons
  A titan (Depths:2)
  4 sphinxes
  A storm dragon (Depths:2)
  The ghost of martinkus the Bludgeoner, a journeyman MiMo of the Shining One (Swamp:4)
  A deep elf sorcerer (Vaults:3)
  7 vault wardens
  4 ghost moths
  6 frost giants
  Louise (D:15)
  4 emperor scorpions
  15 ironheart preservers
  A caustic shrike skeleton (D:15)
  16 very ugly things
  6 stone giants
  6 entropy weavers
  2 spriggan defenders (Depths:2)
  3 deep elf demonologists
  A vampire knight (Depths:2)
  3 spark wasps
  A merfolk javelineer (Depths:1)
  A deep elf death mage (Vaults:3)
  A merfolk impaler (D:13)
  4 ettins
  Josephine (Orc:2)
  3 fire dragons
  3 great orbs of eyes
  11 ogre magi
  2 ice dragons
  5 vault guards (Vaults:3)
  3 yaktaur captains
  Erolcha (Orc:1)
  19 hydras
  2 rakshasas
  3 spriggan air magi (Depths:2)
  A ghost crab (Swamp:1)
  A monstrous demonspawn (Depths:2)
  Erica (Lair:1)
  A hell beast (Depths:1)
  A merfolk avatar (D:13)
  30 two-headed ogres
  12 centaur warriors
  6 alligators
  A death yak (D:10)
  3 tengu warriors (Depths:2)
  2 deep troll shamans
  A queen ant (Spider:1)
  4 deep troll earth magi
  Urug (Lair:5)
  A soul eater (Depths:1)
  5 deep elf knights
  A spriggan berserker (Depths:2)
  2 shadow wraiths
  A sun demon (Depths:1)
  16 skeletal warriors
  A death drake (shapeshifter) (Depths:2)
  11 deep trolls
  The ghost of raetorn the Carver, a novice VSFi of Okawaru (D:8)
  2 spriggan druids
  A deep troll (shapeshifter) (Vaults:3)
  3 flayed ghosts
  3 unseen horrors (Vaults:1)
  2 glowing orange brains
  7 swamp dragons
  3 necromancers
  9 ironbrand convokers
  2 wizards (Vaults:3)
  6 deep elf archers
  A lindwurm (Lair:6)
  2 shambling mangroves
  A harpy (shapeshifter) (D:12)
  A phantasmal warrior (D:15)
  15 orc knights
  8 deep elf magi
  19 orb spiders
  46 wolf spiders
  8 harpies
  4 orc sorcerers
  62 ugly things
  2 moths of wrath (Spider:4)
  6 cyclopes
  A human skeleton (Vaults:3)
  An ice statue (IceCv)
  Maurice (Orc:1)
  12 elephants
  4 black mambas
  3 centaur zombies
  A rust devil (Depths:1)
  2 gargoyles
  12 vault sentinels
  7 torpor snails
  6 centaur skeletons
  18 spiny frogs
  A spiny frog (shapeshifter) (Vaults:4)
  3 rime drakes
  5 freezing wraiths
  29 yaktaurs
  A rime drake (shapeshifter) (Vaults:4)
  A guardian mummy (D:15)
  7 komodo dragons
  2 kobold demonologists
  A tormentor (Depths:2)
  A golden dragon simulacrum (IceCv)
  3 ice devils
  A tengu conjurer (D:15)
  A hellwing (Depths:2)
  4 anaconda simulacra (IceCv)
  14 demonic crawlers
  A hydra zombie (Swamp:1)
  A troll (shapeshifter) (Vaults:3)
  7 trolls
  Prince Ribbit (D:6)
  39 jumping spiders
  2 polar bears
  Grinder (D:5)
  3 hippogriffs
  An alligator zombie (Swamp:1)
  14 bog bodies
  20 blink frogs
  35 hornets
  9 tyrant leeches
  7 dream sheep (Lair:6)
  57 slime creatures
  A hornet (shapeshifter) (Vaults:1)
  An ice dragon skeleton (D:15)
  12 spriggans
  10 water elementals (Depths:1)
  64 redbacks
  A centaur simulacrum (D:15)
  33 tarantellas
  2 shadows
  Eustachio (D:5)
  3 basilisks
  5 wraiths
  61 yaks
  2 hogs
  3 wyverns
  6 steam dragons
  2 dire elephant simulacra (IceCv)
  2 hungry ghosts (D:8)
  A chaos spawn (Depths:2)
  27 vampire mosquitoes
  17 swamp worms
  7 wargs
  14 insubstantial wisps
  2 acid dragons
  Menkaure (D:5)
  A deep troll zombie (Vaults:3)
  17 soldier ants
  15 water moccasins
  A hydra simulacrum (IceCv)
  7 porcupines
  A floating eye (Depths:2)
  41 orc warriors
  14 swamp drakes
  2 sky beasts (D:7)
  19 ice beasts
  A swamp dragon zombie (Swamp:1)
  49 ogres
  3 black bears
  An ettin simulacrum (IceCv)
  14 boggarts
  An eye of draining (shapeshifter) (D:13)
  57 wolves
  27 centaurs
  11 crocodiles
  6 big kobolds
  A komodo dragon zombie (Swamp:1)
  9 bullfrogs
  A glowing shapeshifter simulacrum (Vaults:3)
  A wyvern zombie (D:10)
  A wyvern skeleton (D:13)
  A human simulacrum (Vaults:3)
  5 scorpions
  10 wights
  10 killer bees
  3 howler monkeys
  An electric eel (Spider:1)
  7 crimson imps
  A bullfrog zombie (D:10)
  3 quasits
  7 hounds
  3 bullfrog skeletons
  6 jellies
  20 orc priests
  34 orc wizards
  2 iron imps (Depths:2)
  4 iguanas
  29 worker ants
  2 killer bee zombies (D:7)
  A crocodile zombie (Swamp:1)
  A hound skeleton (D:6)
  2 worker ant zombies
  4 gnolls (D:6)
  A river rat (D:10)
  8 adders
  7 shadow imps
  2 white imps
  An ufetubus (Depths:2)
  4 oozes
  An adder skeleton (D:4)
  2 worms
  A leopard gecko (D:9)
  137 orcs
  6 bats
  2 giant cockroaches
  9 goblins
  17 hobgoblins
  11 jackals
  26 kobolds
  6 quokkas
  3 ball pythons
  3 frilled lizards
  A giant cockroach zombie (D:6)
  3 leopard gecko skeletons
  13 rats
  4 plants (Lair:6)
1811 creatures vanquished.

Vanquished Creatures (collateral kills)
  A juggernaut (Depths:2)
  the Lernaean hydra (Swamp:4)
  Kirke (D:14)
  2 spriggan defenders (Depths:2)
  A stone giant (Vaults:2)
  3 two-headed ogres
  An ogre mage (Vaults:2)
  A centaur warrior (Vaults:2)
  2 death yaks (D:10)
  3 skeletal warriors (Vaults:2)
  A deep elf archer (Vaults:2)
  A swamp dragon (Swamp:4)
  An ironbrand convoker (Vaults:1)
  2 deep elf magi
  A frost giant zombie (D:15)
  2 orc knights
  5 orb spiders (Spider:4)
  4 ice statues (IceCv)
  A vault sentinel (Vaults:2)
  A yaktaur (Vaults:2)
  A jumping spider (Spider:4)
  A hippogriff (Lair:6)
  A spriggan zombie (D:15)
  A redback (Spider:4)
  3 yaks (Lair:6)
  A tarantella (Spider:4)
  A basilisk (Lair:6)
  3 hogs (D:15)
  2 wargs (Vaults:2)
  A vampire mosquito (Spider:4)
  2 insubstantial wisps (Swamp:4)
  6 orc warriors
  A wolf (Lair:6)
  10 centaurs
  5 boggarts (Vaults:2)
  A big kobold (D:14)
  3 orc priests (D:9)
  2 hounds (D:14)
  An orc wizard (D:14)
  A river rat (D:10)
  11 orcs
  2 kobolds (D:14)
  A quokka (D:10)
96 creatures vanquished.

Vanquished Creatures (others)
  2 deep elf magi
  A jumping spider (Spider:4)
  A tarantella (Spider:4)
  An ogre (Depths:2)
  A boggart (Vaults:2)
  2 bushes (Swamp:4)
  24 fungi
  12 plants
  9 withered plants (D:15)
53 creatures vanquished.

Grand Total: 1960 creatures vanquished

Notes
Turn   | Place    | Note
-------+----------+-------------------------------------------
     0 | D:1      | Lentor the Minotaur Berserker began the quest for the Orb.
     0 | D:1      | Reached XP level 1. HP: 19/19 MP: 0/0
   111 | D:1      | Reached XP level 2. HP: 17/27 MP: 1/1
   501 | D:1      | Reached ** piety under Trog
   650 | D:1      | Reached XP level 3. HP: 29/33 MP: 2/2
   866 | D:2      | HP: 1/34 [quokka (3)]
  1343 | D:2      | Found a burning altar of Makhleb.
  1515 | D:2      | Reached XP level 4. HP: 41/41 MP: 3/3
  1797 | D:3      | Reached *** piety under Trog
  1852 | D:3      | Reached skill level 5 in Maces & Flails
  2052 | D:3      | Found a hazy altar of Hepliaklqana.
  2065 | D:3      | You fall through a shaft for 2 floors!
  2065 | D:5      | Entered Level 5 of the Dungeon
  2065 | D:5      | Noticed Eustachio
  2068 | D:5      | Found a radiant altar of Vehumet.
  2075 | D:5      | Killed Eustachio
  2075 | D:5      | Reached skill level 5 in Fighting
  2075 | D:5      | Reached XP level 5. HP: 44/48 MP: 4/4
  2077 | D:5      | Reached XP level 6. HP: 42/56 MP: 5/5
  2590 | D:5      | Noticed Menkaure
  2600 | D:5      | Killed Menkaure
  2600 | D:5      | Reached XP level 7. HP: 32/62 MP: 6/6
  2917 | D:5      | Got a ripped robe
  2932 | D:5      | Identified the cursed +0 robe of Untruth {Int+2} (You found it on level 5 of the Dungeon)
  3112 | D:5      | Reached skill level 5 in Dodging
  3207 | D:5      | Found a staircase to the Ecumenical Temple.
  3217 | D:5      | Reached **** piety under Trog
  3227 | Temple   | Entered the Ecumenical Temple
  3758 | D:4      | Reached XP level 8. HP: 71/71 MP: 7/7
  4550 | D:4      | Found a sparkling altar of Nemelex Xobeh.
  5406 | D:5      | Noticed Grinder
  5433 | D:5      | Killed Grinder
  5433 | D:5      | Reached skill level 5 in Armour
  5789 | D:6      | Got a sapphire fustibalus
  5796 | D:6      | Reached ***** piety under Trog
  5851 | D:6      | Reached skill level 10 in Maces & Flails
  6027 | D:6      | Reached XP level 9. HP: 50/79 MP: 8/8
  6499 | D:6      | Found an iron altar of Okawaru.
  6569 | D:6      | Found a snail-covered altar of Cheibriados.
  6694 | D:6      | Noticed Prince Ribbit
  6711 | D:6      | Killed Prince Ribbit
  7073 | D:7      | Found a shadowy altar of Dithmenos.
  7073 | D:7      | Found a glowing silver altar of Zin.
  7689 | D:7      | Found a basalt altar of Yredelemnul.
  8797 | D:8      | Reached XP level 10. HP: 80/90 MP: 9/9
  8871 | D:8      | Noticed raetorn's ghost (novice VSFi)
  8877 | D:8      | Killed raetorn's ghost
  9267 | D:8      | Found a roughly hewn altar of Beogh.
  9272 | D:8      | Received a gift from Trog
  9739 | D:8      | Found a shattered altar of Ashenzari.
 10026 | D:9      | Found a roughly hewn altar of Beogh.
 10031 | D:9      | Found a staircase to the Orcish Mines.
 10457 | D:9      | Found a white marble altar of Elyvilon.
 10485 | D:9      | Reached skill level 10 in Fighting
 10761 | D:9      | Found a bloodstained altar of Trog.
 10822 | D:10     | Entered Level 10 of the Dungeon
 10875 | D:10     | Reached XP level 11. HP: 91/100 MP: 3/10
 10889 | D:10     | Noticed a death yak
 10901 | D:10     | Noticed a death yak
 10901 | D:10     | Killed a death yak
 10902 | D:10     | Noticed a death yak
 10903 | D:10     | Noticed a two-headed ogre
 10910 | D:10     | Killed a death yak
 10911 | D:10     | Killed a death yak
 10912 | D:10     | Killed a two-headed ogre
 10912 | D:10     | Reached skill level 15 in Maces & Flails
 11311 | D:10     | Found a staircase to the Lair.
 11358 | D:10     | Received a gift from Trog
 11368 | D:10     | Got a shimmering dire flail {god gift}
 11369 | D:10     | Identified the +5 dire flail of Demand {drain, rElec rC+ rN+ Str+2 Dex-3} (Trog gifted it to you on level 10 of the Dungeon)
 11764 | Lair:1   | Entered Level 1 of the Lair of Beasts
 11764 | Lair:1   | Noticed Erica
 11781 | Lair:1   | Killed Erica
 11947 | Lair:1   | Noticed a five-headed hydra
 11958 | Lair:1   | Killed a five-headed hydra
 12617 | Lair:1   | Noticed an oklob plant
 12619 | Lair:1   | Noticed an oklob plant
 12908 | Lair:2   | Reached XP level 12. HP: 97/110 MP: 11/11
 13257 | Lair:2   | Noticed a seven-headed hydra
 13267 | Lair:2   | Killed a seven-headed hydra
 13982 | Lair:3   | Reached skill level 10 in Armour
 14079 | Lair:3   | Found a staircase to the Swamp.
 14165 | Lair:3   | Noticed a five-headed hydra
 14171 | Lair:3   | Killed a five-headed hydra
 15037 | Lair:4   | Found a hole to the Spider Nest.
 15113 | Lair:4   | Noticed a seven-headed hydra
 15120 | Lair:4   | Killed a seven-headed hydra
 15668 | Lair:5   | Reached ****** piety under Trog
 15668 | Lair:5   | Reached XP level 13. HP: 118/122 MP: 12/12
 16104 | Lair:5   | Received a gift from Trog
 16326 | Lair:5   | Noticed Urug
 16340 | Lair:5   | Killed Urug
 16752 | Lair:6   | Entered Level 6 of the Lair of Beasts
 17301 | Lair:6   | Received a gift from Trog
 17681 | Lair:6   | Reached XP level 14. HP: 120/133 MP: 13/13
 17931 | Lair:6   | Reached skill level 15 in Fighting
 18378 | Lair:6   | Found a runed door.
 18379 | Lair:6   | Found a viscous altar of Jiyva.
 18381 | Lair:6   | Found a staircase to the Slime Pits.
 18914 | Lair:6   | Found a runed door.
 18986 | Lair:6   | Received a gift from Trog
 18994 | Lair:6   | Paralysed by a hornet for 2 turns
 19707 | Orc:1    | Entered Level 1 of the Orcish Mines
 19828 | Orc:1    | Noticed Maurice
 19842 | Orc:1    | Paralysed by Maurice for 2 turns
 19845 | Orc:1    | Killed Maurice
 19923 | Orc:1    | Noticed Erolcha
 19929 | Orc:1    | Killed Erolcha
 20625 | Orc:2    | Entered Level 2 of the Orcish Mines
 20655 | Orc:2    | Received a gift from Trog
 20831 | Orc:2    | Found a staircase to the Elven Halls.
 20847 | Orc:2    | Noticed Josephine
 20854 | Orc:2    | Killed Josephine
 21079 | Orc:2    | Found a roughly hewn altar of Beogh.
 21300 | Orc:2    | Received a gift from Trog
 21325 | Orc:2    | Reached XP level 15. HP: 91/145 MP: 10/14
 21615 | Orc:2    | Found Jiol's Jewellery Shoppe.
 21615 | Orc:2    | Found Mesucatt's General Store.
 21615 | Orc:2    | Found Utwuc's Food Boutique.
 21615 | Orc:2    | Found Haraw's Magic Scroll Emporium.
 21623 | Orc:2    | Bought a scroll of teleportation for 36 gold pieces
 21623 | Orc:2    | Bought a scroll of blinking for 90 gold pieces
 21623 | Orc:2    | Bought a scroll of teleportation for 36 gold pieces
 22258 | D:11     | Gained mutation: Your magical capacity is low. (-10% MP) [potion of mutation]
 22258 | D:11     | Gained mutation: Your spells are a little harder to cast, but a little more powerful. [potion of mutation]
 22951 | D:12     | Received a gift from Trog
 23767 | D:13     | Reached skill level 15 in Armour
 24044 | D:13     | Found a runed warning-scrawled door.
 24209 | D:13     | Found a runed door.
 24210 | D:13     | Found a runed door.
 24260 | D:13     | Got a pitted emerald amulet
 24288 | D:14     | Received a gift from Trog
 24356 | D:14     | Got a steaming silver ring
 25232 | D:14     | Found a gate to the Vaults.
 25820 | D:14     | Received a gift from Trog
 26028 | D:15     | Entered Level 15 of the Dungeon
 26030 | D:15     | Noticed Kirke
 26100 | D:15     | Noticed Louise
 26103 | D:15     | Cast into level 3 of the Abyss (Louise)
 26163 | Abyss:3  | Noticed a bone dragon
 26165 | D:15     | Escaped the Abyss
 26182 | D:15     | Killed Louise
 26645 | D:15     | Reached skill level 10 in Dodging
 26813 | D:15     | Found a blossoming altar of Fedhas.
 27235 | D:14     | Killed Kirke
 27235 | D:14     | Reached XP level 16. HP: 110/157 MP: 9/13
 27513 | D:15     | Found a staircase to the Depths.
 27935 | Swamp:1  | Entered Level 1 of the Swamp
 28153 | Swamp:1  | Found the +7 great mace "Firestarter" {inner flame, rF++}
 28198 | Swamp:1  | Identified the amulet of the Salamander {Harm *Drain rN+} (You took it off a merfolk impaler on level 13 of the Dungeon)
 28199 | Swamp:1  | Identified the cursed ring "Uceoplef" {rC++ EV-2 Str+3} (You took it off a centaur on level 14 of the Dungeon)
 28960 | Swamp:2  | Got a bloodstained mace
 28961 | Swamp:2  | Identified the +8 mace "Eby Abull" {vamp, Int+2} (You found it on level 2 of the Swamp)
 29912 | Swamp:3  | Received a gift from Trog
 31046 | Swamp:4  | Entered Level 4 of the Swamp
 31757 | Swamp:4  | Received a gift from Trog
 31893 | Swamp:4  | Noticed martinkus's ghost (journeyman MiMo)
 32159 | Lair:5   | Got a pair of encrusted gloves
 32160 | Lair:5   | Identified the cursed +0 pair of gloves of the Original Sin {-Cast +Blink rElec rN++} (You found it on level 5 of the Lair of Beasts)
 32539 | Swamp:4  | Killed martinkus's ghost
 33233 | Swamp:4  | Reached XP level 17. HP: 150/168 MP: 14/14
 33408 | Swamp:4  | Received a gift from Trog
 33480 | Swamp:4  | Noticed the 27-headed Lernaean hydra
 33488 | Swamp:4  | Killed the 27-headed Lernaean hydra
 33684 | Swamp:4  | Got a decaying rune of Zot
 34270 | Spider:1 | Entered Level 1 of the Spider Nest
 35697 | Spider:1 | Received a gift from Trog
 36755 | Spider:2 | Found a frozen archway.
 36762 | IceCv    | Entered an ice cave
 37741 | Spider:2 | Received a gift from Trog
 39605 | Spider:3 | Noticed Arachne
 39618 | Spider:3 | Killed Arachne
 40057 | Spider:3 | Reached XP level 18. HP: 180/180 MP: 15/15
 41460 | Spider:4 | Entered Level 4 of the Spider Nest
 41759 | Spider:4 | Received a gift from Trog
 41792 | Spider:3 | HP: 9/182 [poisoned by a wolf spider]
 41797 | Spider:3 | HP: 9/182 [poisoned by a wolf spider]
 44405 | Spider:4 | Got a gossamer rune of Zot
 44861 | Vaults:1 | Entered Level 1 of the Vaults
 45581 | Vaults:1 | Received a gift from Trog
 45595 | Vaults:1 | Got a scorched great mace {god gift}
 45615 | Vaults:1 | Identified the +7 great mace of Capital Punishment {freeze, +Blink Int+5} (Trog gifted it to you on level 1 of the Vaults)
 46523 | Vaults:1 | Noticed Jorgrun
 46529 | Vaults:1 | Killed Jorgrun
 46668 | Vaults:1 | Reached XP level 19. HP: 120/192 MP: 16/16
 47555 | Vaults:2 | Received a gift from Trog
 51792 | Vaults:3 | Noticed a Brimstone Fiend
 52340 | Vaults:3 | Found the +9 sword of Zonguldrok {reap}
 52777 | Vaults:3 | Reached XP level 20. HP: 196/204 MP: 17/17
 53041 | Vaults:3 | Received a gift from Trog
 53300 | Vaults:3 | Found a staircase to the Crypt.
 53300 | Vaults:3 | Found a basalt altar of Yredelemnul.
 53301 | Vaults:3 | Found an ancient bone altar of Kikubaaqudgha.
 54076 | Vaults:3 | Got a blackened ring mail
 54078 | Vaults:3 | Identified the +8 ring mail "Ziemoe" {rF+ MR+ Dex+5 Stlth-} (You found it on level 3 of the Vaults)
 54683 | Vaults:4 | Received a gift from Trog
 56808 | Depths:1 | Entered Level 1 of the Depths
 57239 | Depths:1 | Received a gift from Trog
 57611 | Depths:1 | Found a gateway to Hell.
 57642 | Depths:1 | Reached XP level 21. HP: 194/215 MP: 17/17
 57834 | Depths:1 | Found a one-way gate leading to the halls of Pandemonium.
 58386 | Depths:1 | Found Veonil's Gadget Boutique.
 58387 | Depths:1 | Found Feqirel's Jewellery Shoppe.
 58389 | Depths:1 | Found Loloty's Gadget Boutique.
 58863 | Depths:2 | Noticed the Enchantress
 58900 | Depths:2 | Killed the Enchantress
 59167 | Depths:2 | Got faerie dragon scales
 59168 | Depths:2 | Identified the +2 faerie dragon scales {rCorr Str+5} (You took it off the Enchantress on level 2 of the Depths)
 59233 | Depths:2 | Lost mutation: Your magical capacity is low. (-10% MP) [potion of mutation]
 59233 | Depths:2 | Lost mutation: Your spells are a little harder to cast, but a little more powerful. [potion of mutation]
 59233 | Depths:2 | Gained mutation: You have large cloven feet. [potion of mutation]
 59233 | Depths:2 | Gained mutation: Your flesh is cold resistant. (rC+) [potion of mutation]
 59284 | Depths:2 | Received a gift from Trog
 59286 | Depths:2 | Noticed Nikola
 59292 | Depths:2 | Killed Nikola
 59803 | Depths:2 | Received a gift from Trog
 59919 | Depths:2 | Found Vasi's Weapon Boutique.
 60582 | Depths:2 | Noticed a caustic shrike
 60591 | Depths:2 | Killed a caustic shrike
 60594 | Depths:2 | Noticed a caustic shrike
 60596 | Depths:2 | Killed a caustic shrike
 60598 | Depths:2 | Noticed a juggernaut
 60608 | Depths:2 | Killed a juggernaut
 60612 | Depths:2 | Demolished by a deep troll

Skill      XL: |  1  2  3  4  5  6  7  8  9 10 11 12 13 14 15 16 17 18 19 20 21 |
---------------+----------------------------------------------------------------+-----
Fighting       | 4 5 6 7 8 10 11 13 14 16 18 19 20 22 23 24 25 | 25.6
Maces & Flails | 4 6 7 8 10 12 14 16 17 18 19 20 21 22 23 24 25 | 25.6
Dodging        | 3 4 5 6 7 8 9 10 11 12 13 14 | 14.1
Armour         | 3 5 6 9 11 13 14 15 16 17 18 19 | 19.6

Action                   |  1- 3 |  4- 6 |  7- 9 | 10-12 | 13-15 | 16-18 | 19-21 || total
-------------------------+-------+-------+-------+-------+-------+-------+-------++-------
Melee: Mace              |    85 |    66 |    25 |       |       |       |       ||   176
       Headbutt          |     5 |    13 |    53 |   100 |   281 |   196 |   179 ||   827
       Morningstar       |       |       |   274 |    72 |       |       |       ||   346
       Great mace        |       |       |       |   152 |       |   905 |   736 ||  1793
       Dire flail        |       |       |       |   320 |  1249 |    65 |       ||  1634
       Unarmed           |       |       |       |       |    13 |       |       ||    13
Invok: Berserk           |     1 |     4 |     4 |     5 |    13 |    13 |     2 ||    42
       Brothers in Arms  |       |       |       |     2 |    10 |    17 |    14 ||    43
       Burn Spellbooks   |       |       |       |     3 |     2 |     4 |     2 ||    11
       Trog's Hand       |       |       |       |       |     1 |       |     1 ||     2
Evoke: Wand              |       |       |       |       |       |     1 |     1 ||     2
  Use: Scroll            |       |       |     5 |    19 |    10 |    17 |     5 ||    56
       Potion            |       |       |       |       |     1 |     2 |     2 ||     5
 Stab: Sleeping          |     1 |       |       |     1 |       |       |       ||     2
  Eat: Ration            |     1 |     1 |     2 |     3 |     6 |    18 |     7 ||    38
       Chunk             |       |     1 |    18 |    19 |    33 |    19 |    26 ||   116
Armor: Animal skin       |    13 |    10 |       |       |       |       |       ||    23
       Leather armour    |       |     4 |     5 |       |       |       |       ||     9
       Scale mail        |       |       |    38 |       |       |       |       ||    38
       Steam dragon scal |       |       |    39 |    20 |       |       |       ||    59
       Plate armour      |       |       |       |   184 |   300 |       |       ||   484
       Fire dragon scale |       |       |       |       |   206 |   453 |   115 ||   774
       Ring mail         |       |       |       |       |       |       |    86 ||    86
Dodge: Dodged            |    65 |    54 |   150 |   372 |   983 |   772 |   532 ||  2928
